 Dungeon Crawl Stone Soup version 0.29-a0-824-gd827844252 (webtiles) character file.

Game seed: 9351370965250905613

1978 kevlar127 the Ruffian (level 9, 0/127 (136) HPs)
             Began as a Troll Berserker on July 10, 2022.
             Was an Elder of Trog.
             Slain by a wight
             ... wielding a +5 halberd of freezing
              (2 damage)
             ... on level 6 of the Dungeon.
             The game lasted 00:11:05 (4833 turns).

kevlar127 the Ruffian (Troll Berserker)             Turns: 4833, Time: 00:11:05

HP:   0/127 (136)   AC:  4    Str: 31    XL:     9   Next: 1%
MP:   8/8           EV: 14    Int:  9    God:    Trog [****..]
Gold: 265           SH:  0    Dex:  9    Spells: 8/8 levels left

rFire   . . .      SeeInvis .     - Unarmed
rCold   . . .      Faith    .   (no shield)
rNeg    + . .      Spirit   .   u - +0 robe {rN+}
rPois   .          Reflect  .   (helmet restricted)
rElec   .          Harm     .   (no cloak)
rCorr   .          Rampage  .   (gloves unavailable)
Will    .....                   (boots unavailable)
Stlth   ..........              (no amulet)
HPRegen 1.11/turn               j - +4 ring of evasion
MPRegen 0.11/turn               l - +6 ring of intelligence

@: berserking, drained, very quick
A: large, unfitting armour, claws 3, regeneration 1, shaggy fur 1, tough skin 1
a: Renounce Religion, Berserk, Trog's Hand, Brothers in Arms


You were on level 6 of the Dungeon.
You worshipped Trog.
Trog was greatly pleased with you.
You visited 1 branch of the dungeon, and saw 6 of its levels.

You collected 265 gold pieces.

Inventory:

Missiles
 h - 24 stones
 n - 16 poisoned darts (quivered)
 v - 2 throwing nets
Armour
 u - a +0 robe of positive energy (worn)
 A - a +0 kite shield
Jewellery
 j - a +4 ring of evasion (left claw)
 l - a +6 ring of intelligence (right claw)
 w - a ring of fire
 F - a +4 ring of protection
Wands
 D - a wand of charming (19)
Scrolls
 c - 3 scrolls of identify {unknown}
 e - a scroll of summoning {unknown}
 i - a scroll of immolation {unknown}
 k - 2 scrolls of magic mapping {unknown}
 m - a scroll of vulnerability {unknown}
 p - a scroll of blinking {unknown}
 r - a scroll of fog {unknown}
 y - a scroll of teleportation {unknown}
 C - a scroll of poison {unknown}
 E - a scroll of noise {unknown}
Potions
 a - 2 potions of might {unknown}
 b - a potion of ambrosia {unknown}
 d - a potion of heal wounds {unknown}
 f - 2 potions of lignification {unknown}
 g - a potion of invisibility {unknown}
 o - a potion of attraction {unknown}
 q - 3 potions of curing {unknown}
 s - a potion of cancellation {unknown}
 t - 2 potions of resistance {unknown}
 x - a potion of mutation {unknown}
 z - a potion of degeneration {unknown}
 B - 2 potions of berserk rage {unknown}


   Skills:
 * Level 6.3 Fighting
 + Level 5.1 Throwing
 + Level 1.7 Armour
 - Level 2.4 Dodging
 * Level 7.6 Unarmed Combat


You had 8 spell levels left.
You didn't know any spells.
Your spell library was empty.

Dungeon Overview and Level Annotations

Branches:
Dungeon (6/15)             Temple (0/1) D:4

Altars:
Elyvilon
Okawaru
Zin


Innate Abilities, Weirdness & Mutations

You are too large for most types of armour.
You have claws for hands.
Your natural rate of healing is unusually fast.
You are covered in fur. (AC +1)
You have tough skin. (AC +1)


Message History

You barely miss the adder.
The adder is moderately wounded.
You feel sick. The adder completely misses you.
The wight hits you from afar with a +5 halberd of freezing!
You partially resist.
You feel drained. The wight freezes you.
You closely miss the adder.
The adder is moderately wounded.
You feel sick. The adder barely misses you.
Unknown command.
You closely miss the adder.
The adder is moderately wounded.
You feel sick.
You are no longer poisoned.
The wight hits you from afar with a +5 halberd of freezing.
The wight freezes you. The adder barely misses you.
You claw the adder!
You kill the adder!
Trog accepts your kill.
The wight hits you from afar with a +5 halberd of freezing!
The wight freezes you!
The wight hits you with a +5 halberd of freezing!
You partially resist.
You feel drained. The wight freezes you.
You see here an adder corpse.
You claw the wight!
The wight is almost destroyed.
The wight hits you with a +5 halberd of freezing!
* * * LOW HITPOINT WARNING * * *
You partially resist.
You feel drained.
* * * LOW HITPOINT WARNING * * *
The wight freezes you.
* * * LOW HITPOINT WARNING * * *
You closely miss the wight.
The wight is almost destroyed.
The wight closely misses you.
A red film seems to cover your vision as you go berserk!
You feel yourself moving faster!
You feel mighty!
The wight hits you with a +5 halberd of freezing!
* * * LOW HITPOINT WARNING * * *
You partially resist.
You feel drained. The wight freezes you.
You die...

################# ######
#......z@'......# #.....
#....)...#......# #.....
#$..##...#......# #....# #!.
###.#......# #....# .
###.....######...#
##....##..##...# ...# ###
#.....#.......# ...# ##.###
#.....#.......#
...######....######.....#........


You could see a wight.

Vanquished Creatures
  Edmund (D:6)
  Duvessa (D:5)
  A water moccasin (D:5)
  An ice beast (D:4)
  An orc warrior (D:6)
  2 black bears
  2 ogres
  A centaur (D:6)
  2 phantoms
  A kobold brigand (D:5)
  A gnoll sergeant (D:5)
  A scorpion (D:6)
  Dowan (D:5)
  A wight (D:6)
  A jelly (D:6)
  2 hounds (D:5)
  An orc priest (D:6)
  3 iguanas
  7 orc wizards
  5 gnolls (D:5)
  5 adders
  A shadow imp (D:6)
  An ufetubus (D:6)
  A worm (D:3)
  2 dart slugs
  21 orcs
  9 ball pythons
  6 bats
  9 endoplasms
  A giant cockroach (D:2)
  7 goblins
  4 hobgoblins
  5 quokkas
  5 frilled lizards
  9 kobolds
  6 rats
128 creatures vanquished.

Vanquished Creatures (others)
  6 plants (D:5)
6 creatures vanquished.

Grand Total: 134 creatures vanquished

Notes
Turn   | Place    | Note
-------+----------+-------------------------------------------
     0 | D:1      | kevlar127 the Troll Berserker began the quest for the Orb.
     0 | D:1      | Reached XP level 1. HP: 22/22 MP: 0/0
   181 | D:1      | Reached XP level 2. HP: 29/29 MP: 1/1
   751 | D:2      | Reached XP level 3. HP: 37/37 MP: 2/2
   946 | D:2      | Reached ** piety under Trog
  1455 | D:3      | Reached skill level 4 in Unarmed Combat
  1492 | D:3      | Found a white marble altar of Elyvilon.
  1618 | D:3      | Reached XP level 4. HP: 37/45 MP: 3/3
  2002 | D:3      | Found an iron altar of Okawaru.
  2082 | D:4      | Noticed a phantom
  2091 | D:4      | Killed a phantom
  2092 | D:4      | Reached skill level 1 in Throwing
  2092 | D:4      | Reached XP level 5. HP: 53/53 MP: 4/4
  2185 | D:4      | Noticed an ogre
  2191 | D:4      | Killed an ogre
  2267 | D:4      | Noticed an ice beast
  2279 | D:4      | Killed an ice beast
  2280 | D:4      | Reached skill level 5 in Unarmed Combat
  2280 | D:4      | Reached XP level 6. HP: 54/62 MP: 5/5
  2320 | D:4      | Found a staircase to the Ecumenical Temple.
  2544 | D:5      | Entered Level 5 of the Dungeon
  2571 | D:5      | Noticed Dowan
  2573 | D:5      | Noticed Duvessa
  2582 | D:5      | Killed Dowan
  2583 | D:5      | Reached XP level 7. HP: 65/71 MP: 6/6
  2591 | D:5      | Killed Duvessa
  2918 | D:5      | Reached skill level 5 in Fighting
  2918 | D:5      | Reached skill level 6 in Unarmed Combat
  3043 | D:5      | Reached *** piety under Trog
  3136 | D:5      | Reached XP level 8. HP: 33/80 MP: 7/7
  3665 | D:5      | Found a glowing silver altar of Zin.
  4066 | D:6      | Reached skill level 7 in Unarmed Combat
  4374 | D:6      | Reached skill level 1 in Armour
  4393 | D:6      | Noticed Edmund
  4406 | D:6      | Killed Edmund
  4461 | D:6      | Reached skill level 5 in Throwing
  4561 | D:6      | Reached **** piety under Trog
  4818 | D:6      | Reached XP level 9. HP: 91/91 MP: 8/8
  4833 | D:6      | HP: 2/129 [wight/+5 halberd of freezing (11)]
  4833 | D:6      | Slain by a wight

Illustrated notes

Levels and vault maps discovered:
D:1:      minmay_arrival_widening_spiral_wide, layout_basic
D:2:      layout_basic, nicolae_kite_square_tiling_tiny, nrook_mini_vaults,
          minmay_heptomino_h4
D:3:      layout_basic, kennysheep_okawaru_gauntlet, mainiacjoe_overflow_catwalk
D:4:      layout_cave_pools, temple_statues
D:5:      layout_loops_ring, zin_treasury, lexackson_kobold_supper, uniq_duvessa
D:6:      layout_gridville, grunt_ministairs_12, uniq_edmund

Skill      XL: |  1  2  3  4  5  6  7  8 |
---------------+-------------------------+-----
Fighting       | 3 4 5 6 |  6.3
Unarmed Combat | 4 5 6 7 |  7.6
Throwing       | 1 2 3 4 5 |  5.1
Armour         | 1 |  1.7
Dodging        | |  2.4

Action                   |  1- 3 |  4- 6 |  7- 9 || total
-------------------------+-------+-------+-------++-------
Melee: Unarmed           |    97 |    62 |   200 ||   359
       Punch             |     2 |     1 |     6 ||     9
Throw: Dart              |       |     8 |     2 ||    10
       Stone             |       |     7 |       ||     7
Invok: Berserk           |       |       |     3 ||     3
       Trog's Hand       |       |       |     1 ||     1
 Stab: Sleeping          |     1 |       |       ||     1
Armor: Animal skin       |    23 |    17 |       ||    40
       Robe              |       |       |    37 ||    37
Dodge: Dodged            |    58 |    58 |   129 ||   245

Table legend: (Time is in decaauts)
 A = Elapsed time spent in this place.
 B = Non-inter-level travel time spent in this place.
 C = Inter-level travel time spent in this place.
 D = Time resting spent in this place.
 E = Time spent auto-exploring this place.
 F = Levels seen in this place.
 G = Mean time per level.
                   A        B        C        D        E       F      G
               +--------+--------+--------+--------+--------+-----+--------+
         Total |   4812 |   4682 |    130 |    649 |   3186 |   6 |  802.0 |
       Dungeon |   4812 |   4682 |    130 |    649 |   3186 |   6 |  802.0 |
               +--------+--------+--------+--------+--------+-----+--------+

Top non-repeatable levels by time:
     D:5: 1363 daAuts
     D:6: 917 daAuts
     D:2: 723 daAuts
     D:3: 708 daAuts
     D:1: 643 daAuts
     D:4: 457 daAuts
